Penguins vs Thunderbirds
(R1)
Created - December 12, 2021 at 09:16
Goals
|
| Penguins |
1 |
0 |
0 |
1 |
| Thunderbirds |
1 |
1 |
0 |
2 |
|
Shots
|
| Penguins |
9 |
9 |
3 |
21 |
| Thunderbirds |
14 |
4 |
6 |
24 |
|
1st period
1. Thunderbirds , Kerby Rychel 1 (Jerry D'Amigo 1, Quinton Howden 1) at 16:21
2. Penguins , Cedric Paquette 1 (Josh Jooris 3) at 17:58
Penalties :
Tanner Laczynski (Spr) for Tripping (Minor) at 2:46, Niklas Hansson (Spr) for Roughing (Minor) at 8:58
2nd period
3. Thunderbirds , Valentin Zykov 1 (Christian Fischer 1) at 1:42
Penalties :
Tanner Laczynski (Spr) for Interference (Minor) at 3:28, Jerry D'Amigo (Spr) for Interference (Minor) at 7:59, Andy Andreoff (Wil) for Interference (Minor) at 11:39, Viktor Baldayev (Spr) for Diving (Minor) at 13:54, Danny Biega (Wil) for High sticking (Minor) at 15:29
3rd period
No Goal
Penalties :
John Draeger (Spr) for Holding (Minor) at 1:40, Dakota Mermis (Wil) for Goalie Interference (Minor) at 5:40, Danny Biega (Wil) for Tripping (Minor) at 11:54
Goalie Stats
Connor Hellebyuk (Wil), 22 saves from 24 shots - (0.917), L, 2-2-0, 59:04 minutes
Igor Bobkov (Spr), 20 saves from 21 shots - (0.952), W, 2-1-0, 60:00 minutes
Players Stats for Penguins
Player Name G A P +/- PIM S H SB GA TA FO MP PP MP PK MP
------------------------------------------------------------------------------------
Adam Brooks 0 0 0 -1 0 0 0 1 0 0 3/7 8:30 0:00 0:12
Andreas Martinsen 0 0 0 -1 0 1 3 1 0 0 0/0 19:12 6:02 3:27
Andrew O'Brien 0 0 0 -1 0 1 4 1 0 0 0/0 29:47 6:22 4:36
Andy Andreoff 0 0 0 0 2 1 2 0 0 0 0/0 19:09 5:17 2:37
Anthony Beauvillier 0 0 0 1 0 0 1 0 0 0 1/1 13:35 0:11 1:14
Cedric Paquette 1 0 1 1 0 4 4 0 0 1 11/25 22:59 5:51 3:24
Curtis Hamilton 0 0 0 -1 0 1 0 1 0 0 0/0 7:50 0:00 0:14
Dakota Mermis 0 0 0 -1 2 2 1 3 0 2 0/0 28:43 6:22 2:11
Danny Biega 0 0 0 0 4 0 1 1 0 0 0/0 20:27 5:07 1:59
Frederick Gaudreau 0 0 0 0 0 1 3 0 1 0 8/12 17:50 5:25 1:31
Gavin Bayreuther 0 0 0 0 0 2 0 1 1 0 0/0 21:31 5:08 4:25
Iven Barbashev 0 0 0 -1 0 1 0 1 0 0 0/0 9:50 0:11 0:00
John Marino 0 0 0 0 0 0 0 0 0 0 0/0 9:42 0:00 1:30
Josh Jooris 0 1 1 1 0 4 2 0 1 0 0/0 18:58 6:02 0:00
Matthew Finn 0 0 0 0 0 0 0 0 0 0 0/0 10:12 0:00 0:23
Max Gortz 0 0 0 -1 0 2 1 0 0 0 0/0 7:30 0:00 0:00
Tyson Jost 0 0 0 -1 0 0 0 1 0 0 5/8 11:18 0:14 2:25
Vince Hinostroza 0 0 0 0 0 1 2 0 0 0 0/0 14:57 5:17 0:00
Players Stats for Thunderbirds
Player Name G A P +/- PIM S H SB GA TA FO MP PP MP PK MP
------------------------------------------------------------------------------------
Artur Kayumov 0 0 0 0 0 0 1 0 0 0 0/0 7:20 0:00 0:00
Christian Fischer 0 1 1 1 0 3 2 0 0 0 1/1 14:50 3:42 0:00
Griffin Reinhart 0 0 0 -1 0 0 2 1 0 0 0/0 23:27 3:36 3:22
Jake Walman 0 0 0 1 0 3 0 1 0 0 0/0 17:23 1:06 4:57
Jean-Sebastien Dea 0 0 0 1 0 0 3 1 0 0 2/9 14:40 3:29 0:18
Jerry D'Amigo 0 1 1 0 2 1 2 1 0 0 1/3 20:07 3:29 4:39
John Draeger 0 0 0 1 2 1 0 2 1 2 0/0 21:42 3:27 5:19
Kerby Rychel 1 0 1 0 0 2 4 0 0 0 0/0 17:08 3:15 2:44
Michal Jordan 0 0 0 1 0 0 2 4 0 0 0/0 16:48 4:10 0:17
Mitchell Heard 0 0 0 0 0 0 2 1 1 0 2/4 14:18 0:00 4:08
Nicklas Jensen 0 0 0 0 0 1 1 0 0 0 0/0 7:40 0:06 0:00
Niklas Hansson 0 0 0 -1 2 0 3 3 0 0 0/0 25:30 2:45 5:19
Quinton Howden 0 1 1 0 0 1 3 1 0 0 17/29 21:18 3:15 5:52
Ryan Lomberg 0 0 0 0 0 2 0 0 0 0 0/2 11:24 0:42 0:16
Tanner Laczynski 0 0 0 0 4 1 1 0 0 0 2/5 8:20 0:21 0:00
Tom Kuhnhackl 0 0 0 0 0 4 2 0 0 0 0/0 13:50 0:06 3:20
Valentin Zykov 1 0 1 1 0 3 3 0 1 1 0/0 16:05 3:29 1:43
Viktor Baldayev 0 0 0 1 2 2 2 0 0 0 0/0 16:10 0:42 3:46
3 Stars
1 - Valentin Zykov (Spr)
2 - Cedric Paquette (Wil)
3 - Kerby Rychel (Spr)
Power Play
Penguins - 0 on 6 Attempt(s) - 0.00%
Thunderbirds - 0 on 4 Attempt(s) - 0.00%
Penalty Kill
Penguins - 4 on 4 Attempt(s) - 100.00%
- Score 0 goal in Penalty Kill
Thunderbirds - 6 on 6 Attempt(s) - 100.00%
- Score 0 goal in Penalty Kill
Team Stat
Penguins - Hits : 24 - Faceoff Wins : 28 - Blocked Shots : 11 - Penalty Minutes : 8
Thunderbirds - Hits : 33 - Faceoff Wins : 25 - Blocked Shots : 15 - Penalty Minutes : 12
Official
Referees : Kevin Pollock and Dean Morton
Linesman : Ryan Gibbons and Travis Gawryletz
Game Notes
16:35 of 2nd period - Thunderbirds goal is going for a video replay. After video review, No Goal. The puck has been kicked using a distinct kicking motion.
Vince Hinostroza is injured at 15:54 of 3rd period (Lacerated Right Calf)
Finance
Level 1 -- Attendance: 1940 (97.00%) -- Ticket Income $67,900
Level 2 -- Attendance: 890 (89.00%) -- Ticket Income $13,350
Total Attendance: 2830 (94.33%)
Total Ticket Income: $81,250
Other Income: $4,062
Total Income: $85,312
Penguins
5 vs 5 Forward
Center Left Wing Right Wing Time % Phy DF OF
1 Cedric Paquette Anthony Beauvillier Josh Jooris 40 1 2 2
2 Frederick Gaudreau Andy Andreoff Vince Hinostroza 30 1 2 2
3 Adam Brooks Andreas Martinsen Iven Barbashev 20 1 2 2
4 Tyson Jost Curtis Hamilton Max Gortz 10 1 2 2
5 vs 5 Defense
Defense Defense Time % Phy DF OF
1 Dakota Mermis Andrew O'Brien 40 1 2 2
2 Gavin Bayreuther Danny Biega 30 1 2 2
3 Matthew Finn John Marino 20 1 2 2
4 Dakota Mermis Andrew O'Brien 10 1 2 2
PowerPlay Forward
Center Left Wing Right Wing Time % Phy DF OF
1 Cedric Paquette Andreas Martinsen Josh Jooris 60 1 2 2
2 Frederick Gaudreau Andy Andreoff Vince Hinostroza 40 1 2 2
PowerPlay Defense
Defense Defense Time % Phy DF OF
1 Dakota Mermis Andrew O'Brien 60 1 2 2
2 Gavin Bayreuther Danny Biega 40 1 2 2
Penalty Kill 4 Players Forward
Center Wing Time % Phy DF OF
1 Cedric Paquette Andreas Martinsen 60 1 2 2
2 Frederick Gaudreau Andy Andreoff 40 1 2 2
Penalty Kill 4 Players Defense
Defense Defense Time % Phy DF OF
1 Dakota Mermis Andrew O'Brien 60 1 2 2
2 Gavin Bayreuther Danny Biega 40 1 2 2
Penalty Kill - 3 Players Forward
Forward Time % Phy DF OF
1 Cedric Paquette 60 1 2 2
2 Frederick Gaudreau 40 1 2 2
Penalty Kill - 3 Players Defense
Defense Defense Time % Phy DF OF
1 Dakota Mermis Andrew O'Brien 60 1 2 2
2 Gavin Bayreuther Danny Biega 40 1 2 2
4 vs 4 Forward
Center Wing Time % Phy DF OF
1 Cedric Paquette Andreas Martinsen 60 1 2 2
2 Frederick Gaudreau Andy Andreoff 40 1 2 2
4 vs 4 Defense
Defense Defense Time % Phy DF OF
1 Dakota Mermis Andrew O'Brien 60 1 2 2
2 Gavin Bayreuther Danny Biega 40 1 2 2
Last Minutes Offensive
Center Left Wing Right Wing Defense Defense
Cedric Paquette Andreas Martinsen Josh Jooris Dakota Mermis Andrew O'Brien
Last Minutes Defensive
Center Left Wing Right Wing Defense Defense
Cedric Paquette Andreas Martinsen Josh Jooris Dakota Mermis Andrew O'Brien
Goaltenders
Starting : Connor Hellebyuk
Backup : Anthony Stolarz
Extra Forwards
Normal : Cedric Paquette, Frederick Gaudreau, Iven Barbashev - PP : Cedric Paquette, Frederick Gaudreau - PK : Cedric Paquette
Extra Defensemen
Normal : Danny Biega, Gavin Bayreuther, John Marino - PP : Danny Biega - PK : Danny Biega, Gavin Bayreuther
Penalty Shots
Andreas Martinsen, Josh Jooris, Andy Andreoff, Vince Hinostroza, Cedric Paquette
Scratches
Brett Pollock (Healthy), Denis Malgin (Healthy), Josh Ho-Sang (Healthy), Juuso Ikonen (Healthy), Raphael Bussieres (Healthy)
Sam Kurker (Healthy), Scott Mayfield (Torn Left Knee Ligaments Injury), Steven Spinner (Healthy), German Rubtsov (Healthy)
Thunderbirds
5 vs 5 Forward
Center Left Wing Right Wing Time % Phy DF OF
1 Quinton Howden Kerby Rychel Jerry D'Amigo 40 1 2 2
2 Jean-Sebastien Dea Valentin Zykov Christian Fischer 30 1 2 2
3 Mitchell Heard Ryan Lomberg Tom Kuhnhackl 20 1 2 2
4 Tanner Laczynski Artur Kayumov Nicklas Jensen 10 1 2 2
5 vs 5 Defense
Defense Defense Time % Phy DF OF
1 Griffin Reinhart Niklas Hansson 40 1 2 2
2 Michal Jordan John Draeger 30 1 2 2
3 Viktor Baldayev Jake Walman 20 1 2 2
4 Griffin Reinhart Niklas Hansson 10 1 2 2
PowerPlay Forward
Center Left Wing Right Wing Time % Phy DF OF
1 Quinton Howden Kerby Rychel Christian Fischer 60 0 1 4
2 Jean-Sebastien Dea Valentin Zykov Jerry D'Amigo 40 0 1 4
PowerPlay Defense
Defense Defense Time % Phy DF OF
1 Griffin Reinhart Michal Jordan 60 0 2 3
2 John Draeger Niklas Hansson 40 0 2 3
Penalty Kill 4 Players Forward
Center Wing Time % Phy DF OF
1 Quinton Howden Jerry D'Amigo 60 1 3 1
2 Mitchell Heard Tom Kuhnhackl 40 1 3 1
Penalty Kill 4 Players Defense
Defense Defense Time % Phy DF OF
1 Niklas Hansson John Draeger 60 1 4 0
2 Viktor Baldayev Jake Walman 40 1 4 0
Penalty Kill - 3 Players Forward
Forward Time % Phy DF OF
1 Quinton Howden 60 1 2 2
2 Jerry D'Amigo 40 1 2 2
Penalty Kill - 3 Players Defense
Defense Defense Time % Phy DF OF
1 Niklas Hansson John Draeger 60 1 2 2
2 Viktor Baldayev Jake Walman 40 1 2 2
4 vs 4 Forward
Center Wing Time % Phy DF OF
1 Quinton Howden Christian Fischer 60 1 2 2
2 Jean-Sebastien Dea Ryan Lomberg 40 1 2 2
4 vs 4 Defense
Defense Defense Time % Phy DF OF
1 Griffin Reinhart Niklas Hansson 60 1 2 2
2 Michal Jordan John Draeger 40 1 2 2
Last Minutes Offensive
Center Left Wing Right Wing Defense Defense
Quinton Howden Valentin Zykov Christian Fischer Griffin Reinhart Niklas Hansson
Last Minutes Defensive
Center Left Wing Right Wing Defense Defense
Quinton Howden Kerby Rychel Jerry D'Amigo Niklas Hansson John Draeger
Goaltenders
Starting : Igor Bobkov
Backup : Garret Sparks
Extra Forwards
Normal : Ryan Lomberg, Christian Fischer, Valentin Zykov - PP : Tanner Laczynski, Tom Kuhnhackl - PK : Kerby Rychel
Extra Defensemen
Normal : John Draeger, Niklas Hansson, Griffin Reinhart - PP : Michal Jordan - PK : Griffin Reinhart, Niklas Hansson
Penalty Shots
Tanner Laczynski, Tom Kuhnhackl, Quinton Howden, Kerby Rychel, Jean-Sebastien Dea
Scratches
Connor Honey (Healthy), Dmytro Timashov (Healthy), Keaton Thompson (Healthy), Kyle Platzer (Healthy), Lukas Vejdemo (Healthy)
Matt Puempel (Healthy), Michael McCarron (Healthy), Nelson Nogier (Healthy), Roberts Lipsbergs (Healthy), Calvin Thurkauf (Healthy)
Artyom Zagidulin (Healthy)
% Time on Ice - Penguins
Lines # - Real PCT - Wanted PCT - Time Play
Normal Forward
1 - 32% - 40% - 12:36
2 - 28% - 30% - 11:19
3 - 21% - 20% - 8:18
4 - 19% - 10% - 7:30
Normal Defense
1 - 41% - 40% - 16:27
2 - 32% - 30% - 12:40
3 - 24% - 20% - 9:39
4 - 2% - 10% - 0:57
PP Forward
1 - 53% - 60% - 6:05
2 - 47% - 40% - 5:25
PP Defense
1 - 55% - 60% - 6:22
2 - 45% - 40% - 5:08
PK Forward
1 - 80% - 60% - 6:01
2 - 20% - 40% - 1:31
PK Defense
1 - 42% - 60% - 3:12
2 - 58% - 40% - 4:20
PK3 Forward
1 - 0% - 60%
2 - 0% - 40%
PK3 Defense
1 - 0% - 60%
2 - 0% - 40%
44 Forward
1 - 100% - 60% - 0:24
2 - 0% - 40% - 0:00
44 Defense
1 - 100% - 60% - 0:24
2 - 0% - 40% - 0:00
Last Minute Offensive - 0:51
Last Minute Defensive - 0:00
Total
Forward - 60:00
Defense - 60:00
|
% Time on Ice - Thunderbirds
Lines # - Real PCT - Wanted PCT - Time Play
Normal Forward
1 - 28% - 40% - 11:17
2 - 28% - 30% - 10:59
3 - 26% - 20% - 10:10
4 - 18% - 10% - 7:20
Normal Defense
1 - 40% - 40% - 15:59
2 - 28% - 30% - 10:58
3 - 28% - 20% - 11:05
4 - 4% - 10% - 1:44
PP Forward
1 - 54% - 60% - 4:03
2 - 46% - 40% - 3:29
PP Defense
1 - 54% - 60% - 4:05
2 - 46% - 40% - 3:27
PK Forward
1 - 71% - 60% - 8:10
2 - 29% - 40% - 3:20
PK Defense
1 - 59% - 60% - 6:50
2 - 41% - 40% - 4:40
PK3 Forward
1 - 0% - 60%
2 - 0% - 40%
PK3 Defense
1 - 0% - 60%
2 - 0% - 40%
44 Forward
1 - 100% - 60% - 0:24
2 - 0% - 40% - 0:00
44 Defense
1 - 0% - 60% - 0:00
2 - 100% - 40% - 0:24
Last Minute Offensive - 0:00
Last Minute Defensive - 0:48
Total
Forward - 60:00
Defense - 60:00
|
Play-by-Play
1st period
0:01 of 1st period - Quinton Howden wins face-off versus Cedric Paquette in neutral zone.
0:51 of 1st period - Wrist shot by Ryan Lomberg.
0:51 of 1st period - Shot Misses the Net.
1:45 of 1st period - Dakota Mermis is hit by Valentin Zykov and loses puck.
1:52 of 1st period - Dakota Mermis is hit by Viktor Baldayev and loses puck.
2:34 of 1st period - Slapshot by Nicklas Jensen.
2:34 of 1st period - Deflect By Tanner Laczynski.
2:34 of 1st period - Stopped by Connor Hellebyuk with a rebound.
2:46 of 1st period - Minor Penalty to Tanner Laczynski for Tripping.
2:47 of 1st period - Cedric Paquette wins face-off versus Quinton Howden in Thunderbirds zone.
3:00 of 1st period - Snap shot by Josh Jooris.
3:00 of 1st period - Deflect By Cedric Paquette.
3:00 of 1st period - Stopped by Igor Bobkov with a rebound.
3:02 of 1st period - Wrist shot by Cedric Paquette.
3:02 of 1st period - Shot Blocked by Quinton Howden.
3:12 of 1st period - Frederick Gaudreau is hit by Tom Kuhnhackl and loses puck.
4:16 of 1st period - Tom Kuhnhackl is hit by Andreas Martinsen and loses puck.
4:46 of 1st period - Penalty to Tanner Laczynski is over, Tanner Laczynski is back on ice.
4:49 of 1st period - Wrist shot by Quinton Howden.
4:49 of 1st period - Shot Blocked by Andrew O'Brien.
4:53 of 1st period - Slapshot by Jerry D'Amigo.
4:53 of 1st period - Shot Misses the Net.
4:55 of 1st period - Slapshot by Viktor Baldayev.
4:55 of 1st period - Shot Misses the Net.
4:57 of 1st period - Slapshot by Quinton Howden.
4:57 of 1st period - Shot Blocked by Dakota Mermis.
5:01 of 1st period - Snap shot by Quinton Howden.
5:01 of 1st period - Shot Misses the Net.
5:07 of 1st period - Wrist shot by Quinton Howden.
5:07 of 1st period - Shot Misses the Net.
5:09 of 1st period - Slapshot by Viktor Baldayev.
5:09 of 1st period - Deflect By Jerry D'Amigo.
5:09 of 1st period - Shot Misses the Net.
5:09 of 1st period - Puck is out of play.
5:10 of 1st period - Adam Brooks wins face-off versus Jean-Sebastien Dea in Penguins zone.
5:17 of 1st period - Wrist shot by Christian Fischer.
5:17 of 1st period - Shot Blocked by Iven Barbashev.
5:33 of 1st period - Anthony Beauvillier is hit by Mitchell Heard and loses puck.
5:38 of 1st period - Wrist shot by Ryan Lomberg.
5:38 of 1st period - Stopped by Connor Hellebyuk without a rebound.
5:39 of 1st period - Frederick Gaudreau wins face-off versus Jean-Sebastien Dea in Penguins zone.
5:48 of 1st period - Slapshot by Vince Hinostroza.
5:48 of 1st period - Shot Misses the Net.
6:19 of 1st period - Snap shot by Josh Jooris.
6:19 of 1st period - Stopped by Igor Bobkov without a rebound.
6:20 of 1st period - Tanner Laczynski wins face-off versus Adam Brooks in Thunderbirds zone.
6:39 of 1st period - Griffin Reinhart is hit by Andrew O'Brien and loses puck.
7:23 of 1st period - Valentin Zykov is hit by Andrew O'Brien and loses puck.
7:34 of 1st period - Snap shot by Curtis Hamilton.
7:34 of 1st period - Stopped by Igor Bobkov without a rebound.
7:35 of 1st period - Tyson Jost wins face-off versus Mitchell Heard in Thunderbirds zone.
8:10 of 1st period - Jake Walman is hit by Cedric Paquette and loses puck.
8:26 of 1st period - Jean-Sebastien Dea is hit by Andy Andreoff and loses puck.
8:45 of 1st period - Snap shot by Max Gortz.
8:45 of 1st period - Stopped by Igor Bobkov without a rebound.
8:46 of 1st period - Tyson Jost wins face-off versus Tanner Laczynski in Thunderbirds zone.
8:53 of 1st period - Wrist shot by Max Gortz.
8:53 of 1st period - Stopped by Igor Bobkov without a rebound.
8:54 of 1st period - Cedric Paquette wins face-off versus Quinton Howden in Thunderbirds zone.
8:58 of 1st period - Minor Penalty to Niklas Hansson for Roughing.
8:59 of 1st period - Cedric Paquette wins face-off versus Jerry D'Amigo in Thunderbirds zone.
8:59 of 1st period - Slapshot by Andreas Martinsen.
8:59 of 1st period - Shot Misses the Net.
10:58 of 1st period - Penalty to Niklas Hansson is over, Niklas Hansson is back on ice.
11:17 of 1st period - Snap shot by Tanner Laczynski.
11:17 of 1st period - Shot Blocked by Tyson Jost.
11:19 of 1st period - Wrist shot by Michal Jordan.
11:19 of 1st period - Shot Misses the Net.
12:03 of 1st period - Kerby Rychel is hit by Andreas Martinsen and loses puck.
12:28 of 1st period - Tyson Jost is hit by Artur Kayumov and loses puck.
12:39 of 1st period - Wrist shot by Nicklas Jensen.
12:39 of 1st period - Stopped by Connor Hellebyuk with a rebound.
13:22 of 1st period - Vince Hinostroza is hit by Quinton Howden and loses puck.
13:33 of 1st period - Anthony Beauvillier is hit by Jean-Sebastien Dea and loses puck.
14:03 of 1st period - Andreas Martinsen is hit by Michal Jordan and loses puck.
14:56 of 1st period - Cedric Paquette is hit by Jean-Sebastien Dea and loses puck.
15:24 of 1st period - Matthew Finn is hit by Kerby Rychel and loses puck.
15:45 of 1st period - Andreas Martinsen is hit by Tom Kuhnhackl and loses puck.
16:00 of 1st period - Griffin Reinhart is hit by Danny Biega and loses puck.
16:09 of 1st period - Icing by Danny Biega.
16:10 of 1st period - Quinton Howden wins face-off versus Tyson Jost in Penguins zone.
16:19 of 1st period - Snap shot by Kerby Rychel.
16:19 of 1st period - Shot Blocked by Curtis Hamilton.
16:21 of 1st period - Snap shot by Jerry D'Amigo.
16:21 of 1st period - Deflect By Kerby Rychel.
16:21 of 1st period - Goal by Kerby Rychel - Penguins : 0 - Thunderbirds : 1.
16:22 of 1st period - Quinton Howden wins face-off versus Cedric Paquette in neutral zone.
16:31 of 1st period - Slapshot by Quinton Howden.
16:31 of 1st period - Stopped by Connor Hellebyuk with a rebound.
16:47 of 1st period - Andy Andreoff is hit by Niklas Hansson and loses puck.
17:10 of 1st period - Slapshot by John Draeger.
17:10 of 1st period - Stopped by Connor Hellebyuk with a rebound.
17:12 of 1st period - Wrist shot by John Draeger.
17:12 of 1st period - Shot Blocked by Gavin Bayreuther.
17:14 of 1st period - Slapshot by Jake Walman.
17:14 of 1st period - Deflect By Iven Barbashev.
17:14 of 1st period - Stopped by Connor Hellebyuk with a rebound.
17:16 of 1st period - Slapshot by Viktor Baldayev.
17:16 of 1st period - Stopped by Connor Hellebyuk with a rebound.
17:18 of 1st period - Slapshot by Jake Walman.
17:18 of 1st period - Stopped by Connor Hellebyuk without a rebound.
17:19 of 1st period - Cedric Paquette wins face-off versus Quinton Howden in Penguins zone.
17:34 of 1st period - Snap shot by Josh Jooris.
17:34 of 1st period - Stopped by Igor Bobkov without a rebound.
17:35 of 1st period - Frederick Gaudreau wins face-off versus Jean-Sebastien Dea in Thunderbirds zone.
17:44 of 1st period - Slapshot by Valentin Zykov.
17:44 of 1st period - Stopped by Connor Hellebyuk with a rebound.
17:46 of 1st period - Wrist shot by Christian Fischer.
17:46 of 1st period - Stopped by Connor Hellebyuk without a rebound.
17:47 of 1st period - Cedric Paquette wins face-off versus Quinton Howden in Penguins zone.
17:54 of 1st period - Wrist shot by Josh Jooris.
17:54 of 1st period - Stopped by Igor Bobkov with a rebound.
17:56 of 1st period - Wrist shot by Cedric Paquette.
17:56 of 1st period - Shot Misses the Net.
17:58 of 1st period - Wrist shot by Cedric Paquette.
17:58 of 1st period - Goal by Cedric Paquette - Penguins : 1 - Thunderbirds : 1.
17:59 of 1st period - Quinton Howden wins face-off versus Cedric Paquette in neutral zone.
18:33 of 1st period - Snap shot by Tom Kuhnhackl.
18:33 of 1st period - Stopped by Connor Hellebyuk without a rebound.
18:34 of 1st period - Frederick Gaudreau wins face-off versus Ryan Lomberg in Penguins zone.
18:39 of 1st period - Wrist shot by Andy Andreoff.
18:39 of 1st period - Shot Blocked by Michal Jordan.
18:41 of 1st period - Slapshot by Gavin Bayreuther.
18:41 of 1st period - Stopped by Igor Bobkov without a rebound.
18:42 of 1st period - Quinton Howden wins face-off versus Cedric Paquette in Thunderbirds zone.
18:53 of 1st period - Snap shot by Kerby Rychel.
18:53 of 1st period - Shot Misses the Net.
18:55 of 1st period - Snap shot by Jerry D'Amigo.
18:55 of 1st period - Stopped by Connor Hellebyuk without a rebound.
18:56 of 1st period - Quinton Howden wins face-off versus Frederick Gaudreau in Penguins zone.
19:30 of 1st period - Snap shot by Tom Kuhnhackl.
19:30 of 1st period - Stopped by Connor Hellebyuk without a rebound.
19:31 of 1st period - Anthony Beauvillier wins face-off versus Quinton Howden in Penguins zone.
19:59 of 1st period - Michal Jordan is hit by Andreas Martinsen and loses puck.
Goals for this period are 1 for Penguins vs 1 for Thunderbirds.
Shots for this period are 9 for Penguins vs 14 for Thunderbirds.
2nd period
0:01 of 2nd period - Cedric Paquette wins face-off versus Quinton Howden in neutral zone.
0:51 of 2nd period - Snap shot by Cedric Paquette.
0:51 of 2nd period - Stopped by Igor Bobkov with a rebound.
0:53 of 2nd period - Slapshot by Anthony Beauvillier.
0:53 of 2nd period - Shot Misses the Net.
1:11 of 2nd period - Slapshot by Josh Jooris.
1:11 of 2nd period - Deflect By Cedric Paquette.
1:11 of 2nd period - Shot Misses the Net.
1:11 of 2nd period - Puck is out of play.
1:12 of 2nd period - Quinton Howden wins face-off versus Frederick Gaudreau in Thunderbirds zone.
1:23 of 2nd period - Slapshot by Vince Hinostroza.
1:23 of 2nd period - Shot Blocked by Jerry D'Amigo.
1:25 of 2nd period - Slapshot by Dakota Mermis.
1:25 of 2nd period - Shot Blocked by Michal Jordan.
1:27 of 2nd period - Snap shot by Dakota Mermis.
1:27 of 2nd period - Shot Blocked by Michal Jordan.
1:37 of 2nd period - Andreas Martinsen is hit by Christian Fischer and loses puck.
1:42 of 2nd period - Snap shot by Valentin Zykov.
1:42 of 2nd period - Goal by Valentin Zykov - Penguins : 1 - Thunderbirds : 2.
1:43 of 2nd period - Frederick Gaudreau wins face-off versus Quinton Howden in neutral zone.
1:45 of 2nd period - Off-side.
1:46 of 2nd period - Frederick Gaudreau wins face-off versus Quinton Howden in neutral zone.
1:51 of 2nd period - Quinton Howden is hit by Vince Hinostroza and loses puck.
2:41 of 2nd period - Wrist shot by Andreas Martinsen.
2:41 of 2nd period - Shot Misses the Net.
2:52 of 2nd period - Off-side.
2:53 of 2nd period - Tyson Jost wins face-off versus Tanner Laczynski in neutral zone.
2:56 of 2nd period - Wrist shot by Gavin Bayreuther.
2:56 of 2nd period - Stopped by Igor Bobkov without a rebound.
2:57 of 2nd period - Tyson Jost wins face-off versus Tanner Laczynski in Thunderbirds zone.
3:28 of 2nd period - Minor Penalty to Tanner Laczynski for Interference.
3:29 of 2nd period - Cedric Paquette wins face-off versus Quinton Howden in Thunderbirds zone.
4:10 of 2nd period - Slapshot by Tom Kuhnhackl.
4:10 of 2nd period - Stopped by Connor Hellebyuk with a rebound.
4:49 of 2nd period - Dakota Mermis is hit by Kerby Rychel and loses puck.
5:28 of 2nd period - Penalty to Tanner Laczynski is over, Tanner Laczynski is back on ice.
6:00 of 2nd period - Andreas Martinsen is hit by Viktor Baldayev.
6:17 of 2nd period - Icing by Andy Andreoff.
6:18 of 2nd period - Mitchell Heard wins face-off versus Adam Brooks in Penguins zone.
6:32 of 2nd period - Andy Andreoff is hit by Niklas Hansson and loses puck.
7:02 of 2nd period - Matthew Finn is hit by Kerby Rychel and loses puck.
7:25 of 2nd period - Wrist shot by Iven Barbashev.
7:25 of 2nd period - Stopped by Igor Bobkov without a rebound.
7:26 of 2nd period - Adam Brooks wins face-off versus Jean-Sebastien Dea in Thunderbirds zone.
7:59 of 2nd period - Minor Penalty to Jerry D'Amigo for Interference.
8:00 of 2nd period - Quinton Howden wins face-off versus Cedric Paquette in Thunderbirds zone.
8:00 of 2nd period - Quinton Howden is hit by Josh Jooris.
8:13 of 2nd period - Snap shot by Josh Jooris.
8:13 of 2nd period - Shot Misses the Net.
8:15 of 2nd period - Wrist shot by Andreas Martinsen.
8:15 of 2nd period - Shot Blocked by Niklas Hansson.
8:45 of 2nd period - Valentin Zykov is hit by Vince Hinostroza.
9:58 of 2nd period - Icing by Andreas Martinsen.
9:59 of 2nd period - Penalty to Jerry D'Amigo is over, Jerry D'Amigo is back on ice.
9:59 of 2nd period - Tanner Laczynski wins face-off versus Tyson Jost in Penguins zone.
10:22 of 2nd period - Snap shot by Curtis Hamilton.
10:22 of 2nd period - Shot Blocked by John Draeger.
10:28 of 2nd period - Tyson Jost is hit by Michal Jordan and loses puck.
10:42 of 2nd period - Off-side.
10:43 of 2nd period - Frederick Gaudreau wins face-off versus Jean-Sebastien Dea in neutral zone.
10:46 of 2nd period - Slapshot by Gavin Bayreuther.
10:46 of 2nd period - Deflect By Vince Hinostroza.
10:46 of 2nd period - Shot Misses the Net.
10:46 of 2nd period - Puck is out of play.
10:47 of 2nd period - Frederick Gaudreau wins face-off versus Quinton Howden in Thunderbirds zone.
10:58 of 2nd period - Snap shot by Vince Hinostroza.
10:58 of 2nd period - Stopped by Igor Bobkov without a rebound.
10:59 of 2nd period - Quinton Howden wins face-off versus Cedric Paquette in Thunderbirds zone.
11:14 of 2nd period - Wrist shot by Kerby Rychel.
11:14 of 2nd period - Shot Misses the Net.
11:39 of 2nd period - Minor Penalty to Andy Andreoff for Interference.
11:40 of 2nd period - Cedric Paquette wins face-off versus Quinton Howden in Penguins zone.
13:39 of 2nd period - Penalty to Andy Andreoff is over, Andy Andreoff is back on ice.
13:52 of 2nd period - Slapshot by Andy Andreoff.
13:52 of 2nd period - Shot Blocked by Jake Walman.
13:54 of 2nd period - Minor Penalty to Viktor Baldayev for Diving.
13:55 of 2nd period - Quinton Howden wins face-off versus Cedric Paquette in Thunderbirds zone.
14:35 of 2nd period - Slapshot by Josh Jooris.
14:35 of 2nd period - Stopped by Igor Bobkov with a rebound.
15:10 of 2nd period - Josh Jooris is hit by Quinton Howden and loses puck.
15:29 of 2nd period - Minor Penalty to Danny Biega for High sticking.
15:30 of 2nd period - Quinton Howden wins face-off versus Cedric Paquette in Penguins zone.
15:31 of 2nd period - Snap shot by Christian Fischer.
15:31 of 2nd period - Stopped by Connor Hellebyuk with a rebound.
15:54 of 2nd period - Penalty to Viktor Baldayev is over, Viktor Baldayev is back on ice.
16:33 of 2nd period - Snap shot by Viktor Baldayev.
16:33 of 2nd period - Shot Misses the Net.
16:35 of 2nd period - Slapshot by Michal Jordan.
16:35 of 2nd period - Deflect By Viktor Baldayev.
16:35 of 2nd period - Thunderbirds goal is going for a video replay.
16:35 of 2nd period - The goal is refused. The puck has been kicked using a distinct kicking motion..
16:36 of 2nd period - Jean-Sebastien Dea wins face-off versus Frederick Gaudreau in Penguins zone.
16:51 of 2nd period - Valentin Zykov is hit by Frederick Gaudreau and loses puck.
17:02 of 2nd period - Andreas Martinsen is hit by Griffin Reinhart and loses puck.
17:28 of 2nd period - Tyson Jost is hit by Valentin Zykov and loses puck.
17:29 of 2nd period - Penalty to Danny Biega is over, Danny Biega is back on ice.
19:09 of 2nd period - Icing by Viktor Baldayev.
19:10 of 2nd period - Frederick Gaudreau wins face-off versus Jean-Sebastien Dea in Thunderbirds zone.
19:21 of 2nd period - Snap shot by Frederick Gaudreau.
19:21 of 2nd period - Stopped by Igor Bobkov with a rebound.
19:27 of 2nd period - Frederick Gaudreau is hit by Valentin Zykov and loses puck.
19:45 of 2nd period - Viktor Baldayev is hit by Andrew O'Brien and loses puck.
19:52 of 2nd period - Snap shot by Andy Andreoff.
19:52 of 2nd period - Stopped by Igor Bobkov with a rebound.
19:54 of 2nd period - Slapshot by Andrew O'Brien.
19:54 of 2nd period - Stopped by Igor Bobkov with a rebound.
19:56 of 2nd period - Slapshot by Dakota Mermis.
19:56 of 2nd period - Shot Blocked by Jean-Sebastien Dea.
19:58 of 2nd period - Slapshot by Dakota Mermis.
19:58 of 2nd period - Stopped by Igor Bobkov with a rebound.
Goals for this period are 0 for Penguins vs 1 for Thunderbirds.
Shots for this period are 9 for Penguins vs 4 for Thunderbirds.
3rd period
0:01 of 3rd period - Quinton Howden wins face-off versus Cedric Paquette in neutral zone.
0:04 of 3rd period - Andrew O'Brien is hit by Jerry D'Amigo and loses puck.
0:25 of 3rd period - Jean-Sebastien Dea is hit by Dakota Mermis.
0:31 of 3rd period - Wrist shot by Vince Hinostroza.
0:31 of 3rd period - Shot Blocked by Michal Jordan.
1:07 of 3rd period - Snap shot by Kerby Rychel.
1:07 of 3rd period - Stopped by Connor Hellebyuk without a rebound.
1:08 of 3rd period - Quinton Howden wins face-off versus Tyson Jost in Penguins zone.
1:35 of 3rd period - Backhand shot by Cedric Paquette.
1:35 of 3rd period - Stopped by Igor Bobkov without a rebound.
1:36 of 3rd period - Cedric Paquette wins face-off versus Jean-Sebastien Dea in Thunderbirds zone.
1:40 of 3rd period - Minor Penalty to John Draeger for Holding.
1:41 of 3rd period - Quinton Howden wins face-off versus Cedric Paquette in Thunderbirds zone.
1:49 of 3rd period - Dakota Mermis is hit by Niklas Hansson and loses puck.
3:40 of 3rd period - Penalty to John Draeger is over, John Draeger is back on ice.
3:56 of 3rd period - Wrist shot by Max Gortz.
3:56 of 3rd period - Shot Blocked by Griffin Reinhart.
4:08 of 3rd period - Icing by Niklas Hansson.
4:09 of 3rd period - Christian Fischer wins face-off versus Adam Brooks in Thunderbirds zone.
5:16 of 3rd period - Slapshot by Dakota Mermis.
5:16 of 3rd period - Stopped by Igor Bobkov with a rebound.
5:40 of 3rd period - Minor Penalty to Dakota Mermis for Goalie Interference.
5:41 of 3rd period - Quinton Howden wins face-off versus Cedric Paquette in Penguins zone.
5:43 of 3rd period - Snap shot by Quinton Howden.
5:43 of 3rd period - Shot Misses the Net.
6:03 of 3rd period - Cedric Paquette is hit by Jerry D'Amigo and loses puck.
6:40 of 3rd period - Andrew O'Brien is hit by Christian Fischer.
7:40 of 3rd period - Penalty to Dakota Mermis is over, Dakota Mermis is back on ice.
7:49 of 3rd period - Matthew Finn is hit by Griffin Reinhart and loses puck.
8:05 of 3rd period - Andy Andreoff is hit by Mitchell Heard and loses puck.
8:38 of 3rd period - Tanner Laczynski is hit by Josh Jooris and loses puck.
8:59 of 3rd period - Jake Walman is hit by Max Gortz.
9:20 of 3rd period - Danny Biega is hit by Quinton Howden and loses puck.
10:05 of 3rd period - Slapshot by Ryan Lomberg.
10:05 of 3rd period - Shot Blocked by Danny Biega.
10:15 of 3rd period - Viktor Baldayev is hit by Andy Andreoff and loses puck.
10:28 of 3rd period - Kerby Rychel is hit by Cedric Paquette and loses puck.
10:39 of 3rd period - Dakota Mermis is hit by Jean-Sebastien Dea and loses puck.
10:57 of 3rd period - Tom Kuhnhackl is hit by Frederick Gaudreau and loses puck.
11:12 of 3rd period - Andrew O'Brien is hit by Tanner Laczynski and loses puck.
11:39 of 3rd period - Slapshot by Valentin Zykov.
11:39 of 3rd period - Shot Blocked by Dakota Mermis.
11:54 of 3rd period - Minor Penalty to Danny Biega for Tripping.
11:55 of 3rd period - Quinton Howden wins face-off versus Cedric Paquette in Penguins zone.
12:08 of 3rd period - Griffin Reinhart is hit by Cedric Paquette and loses puck.
13:54 of 3rd period - Penalty to Danny Biega is over, Danny Biega is back on ice.
14:16 of 3rd period - Nicklas Jensen is hit by Frederick Gaudreau and loses puck.
14:28 of 3rd period - Jake Walman is hit by Anthony Beauvillier.
15:53 of 3rd period - Vince Hinostroza is hit by Nicklas Jensen.
15:54 of 3rd period - Vince Hinostroza from Penguins is injured at 15:54 of 3rd period (Lacerated Right Calf).
15:55 of 3rd period - Mitchell Heard wins face-off versus Adam Brooks in Penguins zone.
16:25 of 3rd period - Snap shot by Josh Jooris.
16:25 of 3rd period - Shot Misses the Net.
16:47 of 3rd period - Snap shot by Christian Fischer.
16:47 of 3rd period - Stopped by Connor Hellebyuk without a rebound.
16:48 of 3rd period - Jean-Sebastien Dea wins face-off versus Frederick Gaudreau in Penguins zone.
16:51 of 3rd period - Slapshot by Valentin Zykov.
16:51 of 3rd period - Stopped by Connor Hellebyuk with a rebound.
17:03 of 3rd period - Viktor Baldayev is hit by Cedric Paquette and loses puck.
17:14 of 3rd period - Snap shot by Ryan Lomberg.
17:14 of 3rd period - Stopped by Connor Hellebyuk with a rebound.
17:16 of 3rd period - Snap shot by Viktor Baldayev.
17:16 of 3rd period - Shot Blocked by Adam Brooks.
17:18 of 3rd period - Snap shot by Jake Walman.
17:18 of 3rd period - Stopped by Connor Hellebyuk without a rebound.
17:19 of 3rd period - Adam Brooks wins face-off versus Mitchell Heard in Penguins zone.
17:30 of 3rd period - Slapshot by Andreas Martinsen.
17:30 of 3rd period - Shot Blocked by Niklas Hansson.
17:32 of 3rd period - Wrist shot by Adam Brooks.
17:32 of 3rd period - Shot Blocked by Mitchell Heard.
17:34 of 3rd period - Slapshot by Andrew O'Brien.
17:34 of 3rd period - Shot Blocked by Niklas Hansson.
17:44 of 3rd period - Dakota Mermis is hit by Kerby Rychel.
18:49 of 3rd period - Wrist shot by Tom Kuhnhackl.
18:49 of 3rd period - Shot Blocked by Dakota Mermis.
18:51 of 3rd period - Wrist shot by Tom Kuhnhackl.
18:51 of 3rd period - Stopped by Connor Hellebyuk without a rebound.
18:52 of 3rd period - Alex Kovalev call a timeout for Penguins.
18:52 of 3rd period - Tyson Jost wins face-off versus Ryan Lomberg in Penguins zone.
18:57 of 3rd period - Penguins, Connor Hellebyuk is pulled from the net.
19:05 of 3rd period - Wrist shot by Griffin Reinhart.
19:05 of 3rd period - Shot Blocked by Andreas Martinsen.
19:11 of 3rd period - Snap shot by Mitchell Heard.
19:11 of 3rd period - Deflect By Ryan Lomberg.
19:11 of 3rd period - Shot Misses the Net.
19:11 of 3rd period - Puck is out of play.
19:12 of 3rd period - Connor Hellebyuk from Penguins was sent back in the game.
19:12 of 3rd period - Quinton Howden wins face-off versus Cedric Paquette in Penguins zone.
19:13 of 3rd period - Snap shot by Kerby Rychel.
19:13 of 3rd period - Deflect By Quinton Howden.
19:13 of 3rd period - Shot Misses the Net.
19:13 of 3rd period - Puck is out of play.
19:14 of 3rd period - Cedric Paquette wins face-off versus Quinton Howden in Penguins zone.
19:19 of 3rd period - Penguins, Connor Hellebyuk is pulled from the net.
19:27 of 3rd period - Wrist shot by Josh Jooris.
19:27 of 3rd period - Shot Blocked by John Draeger.
19:29 of 3rd period - Snap shot by Andreas Martinsen.
19:29 of 3rd period - Stopped by Igor Bobkov without a rebound.
19:30 of 3rd period - Jerry D'Amigo wins face-off versus Cedric Paquette in Thunderbirds zone.
19:30 of 3rd period - Jerry D'Amigo is hit by Andrew O'Brien.
19:52 of 3rd period - Backhand shot by Andreas Martinsen.
19:52 of 3rd period - Deflect By Josh Jooris.
19:52 of 3rd period - Shot Hit the Post.
19:52 of 3rd period - Puck is out of play.
19:53 of 3rd period - Cedric Paquette wins face-off versus Jerry D'Amigo in Thunderbirds zone.
19:59 of 3rd period - Icing by John Draeger.
Goals for this period are 0 for Penguins vs 0 for Thunderbirds.
Shots for this period are 3 for Penguins vs 6 for Thunderbirds.